 Dungeon Crawl Stone Soup version 0.29.1-15-g9cfb28693d (webtiles) character file.

Game seed: 17118011475741234488

8546 KittyFluff the Basher (level 11, -14/68 HPs)
             Began as a Gargoyle Berserker on Feb 23, 2023.
             Was a High Priest of Trog.
             Demolished by an azure jelly (shapeshifter) (34 damage)
             ... on level 9 of the Dungeon.
             The game lasted 00:58:30 (11317 turns).

KittyFluff the Basher (Gargoyle Berserker)         Turns: 11317, Time: 00:58:31

Health: -14/68     AC: 30    Str: 21    XL:     11   Next: 32%
Magic:  11/11      EV: 17    Int:  8    God:    Trog [*****.]
Gold:   416        SH:  6    Dex: 19    Spells: 10/10 levels left

rFire   + . .      SeeInvis +   a - +2 mace (protect)
rCold   . . .      Faith    .   w - +0 buckler
rNeg    + . .      Spirit   .   B - +3 ring mail "Muffo" {rF+ SInv}
rPois   ∞          Reflect  .   O - +0 helmet
rElec   +          Harm     .   P - +0 cloak
rCorr   .          Rampage  .   v - +0 pair of gloves
Will    .....                   u - +0 pair of boots
Stlth   ++........              (no amulet)
HPRegen 0.21/turn               Y - +4 ring of evasion
MPRegen 0.12/turn               R - +6 ring of dexterity

@: under a protective aura
A: sickness immunity, AC +8, negative energy resistance 1, electricity
resistance, torment resistance 1, petrification resistance
a: Renounce Religion, Berserk, Trog's Hand, Brothers in Arms


You were on level 9 of the Dungeon.
You worshipped Trog.
Trog was extremely pleased with you.
You visited 1 branch of the dungeon, and saw 9 of its levels.
You also visited: Ossuary.

You collected 614 gold pieces.
You spent 198 gold pieces at shops.

Inventory:

Hand Weapons
 a - a +2 mace of protection (weapon)
 c - a +0 sling
 f - a +0 flail
 Q - a +0 morningstar
Missiles
 e - 6 atropa-tipped darts
 n - 19 poisoned darts (quivered)
 q - 20 stones
 y - 9 boomerangs
 Z - 5 javelins
Armour
 u - a +0 pair of boots (worn)
 v - a +0 pair of gloves (worn)
 w - a +0 buckler (worn)
 B - the +3 ring mail "Muffo" (worn) {rF+ SInv}
   (You bought it in a shop on level 3 of the Dungeon)

   rF:        It protects you from fire.
   SInv:      It lets you see invisible.
 O - a +0 helmet (worn)
 P - a +0 cloak (worn)
 X - a +1 leather armour of cold resistance
Jewellery
 i - a ring of magical power
 k - a ring of fire
 s - an amulet of magic regeneration
 D - a ring of protection from cold
 R - a +6 ring of dexterity (right hand)
 Y - a +4 ring of evasion (left hand)
Wands
 o - a wand of flame (6)
 x - a wand of charming (8)
 H - a wand of digging (6)
 V - a wand of mindburst (12)
Scrolls
 d - 4 scrolls of teleportation
 h - 2 scrolls of butterflies
 j - 3 scrolls of amnesia {unknown}
 m - 6 scrolls of enchant weapon
 A - 4 scrolls of poison {unknown}
 E - 3 scrolls of identify
 F - a scroll of brand weapon
 I - 4 scrolls of fear
 J - a scroll of immolation
 L - 2 scrolls of enchant armour
 S - a scroll of silence
 T - a scroll of magic mapping
Potions
 b - 3 potions of lignification
 g - 6 potions of mutation {unknown}
 l - a potion of heal wounds
 p - 3 potions of degeneration {unknown}
 r - 2 potions of attraction {unknown}
 t - 6 potions of curing {unknown}
 z - a potion of brilliance
 C - 2 potions of magic {unknown}
 G - a potion of invisibility
 K - a potion of resistance {unknown}
 M - a potion of ambrosia {unknown}
 N - 3 potions of flight {unknown}
 U - a potion of cancellation {unknown}
 W - a potion of might {unknown}


   Skills:
 + Level 7.7 Fighting
 + Level 11.3 Maces & Flails
 + Level 2.3 Throwing
 * Level 9.0 Armour
 + Level 5.3 Dodging
 + Level 2.5 Stealth
 + Level 5.4 Shields


You had 10 spell levels left.
You didn't know any spells.
Your spell library was empty.

Dungeon Overview and Level Annotations

Branches:
Dungeon (9/15)             Temple (0/1) D:4            Lair (0/5) D:9
    Orc (0/2) D:9         Ossuary (visited)

Altars:
Dithmenos
Fedhas
Hepliaklqana
Kikubaaqudgha
Makhleb
Sif Muna
Uskayaw
Vehumet
Zin
The Shining One

Shops:
D:3 [   D:9 *


Innate Abilities, Weirdness & Mutations

You are immune to sickness and miasma.
Your stone body is resilient. (AC +8)
You are immune to poison.
You resist negative energy. (rN+)
You are resistant to electric shocks. (rElec)
You are resistant to unholy torment.
You are immune to petrification.


Message History

The killer bee is lightly wounded.
The killer bee stings you but does no damage.
You miss the killer bee.
The killer bee is lightly wounded.
The killer bee barely misses you.
The killer bee buzzes angrily.
You sock the azure jelly!
The azure jelly is lightly wounded.
A cyclops comes into view.
You sock the azure jelly!
The azure jelly is moderately wounded.
You block the azure jelly's attack. The azure jelly barely misses you.
The azure jelly hits you but does no damage. x2
You hit the azure jelly.
The azure jelly is moderately wounded.
The azure jelly hits you but does no damage. x2
The azure jelly barely misses you.
The azure jelly hits you but does no damage.
A cyclops comes into view.
The cyclops shouts!
You sock the azure jelly!
The azure jelly is moderately wounded.
The azure jelly barely misses you. The azure jelly misses you.
The azure jelly hits you but does no damage. x2
You closely miss the azure jelly.
The azure jelly is moderately wounded.
You block the azure jelly's attack. The azure jelly hits you.
The azure jelly freezes you!!!
Ouch! That really hurt!
The azure jelly closely misses you.
The azure jelly hits you but does no damage.
Your ogre goes berserk!
The azure jelly completely misses you.
The azure jelly hits you but does no damage.
The azure jelly closely misses you. The azure jelly misses you. x2
The azure jelly hits you.
* * * LOW HITPOINT WARNING * * *
The azure jelly freezes you!!
Ouch! That really hurt!
You die...

.................................
.................................
.................................
......#######.....#######........
.....## ##...##..#####.......
....## ##.##....†..##...... ...##
###########.##..... ...#
##O.......###..... ...#
#@###########..... ...#
⌠.CC.yJ#........)##..... ...#
._...y###########.#..... ...#
...... ##.......##..... ...##
..... #.#########..... ....##
....# ##......##...... )))..#
...# ####..##...#### ......# '##
###'###....# .....##
##..#..##...#


You could see an azure jelly (ally target), 2 cyclopes, 2 killer bees and a
friendly ogre (summoned, berserk).

Vanquished Creatures
  2 two-headed ogres (D:8)
  Pikel (D:6)
  Joseph (D:7)
  A komodo dragon (D:9)
  2 trolls (D:9)
  Prince Ribbit (D:7)
  Eustachio (D:4)
  A steam dragon (D:6)
  3 vampire mosquitoes (D:9)
  An acid dragon (D:7)
  Duvessa (D:7)
  A water moccasin (D:5)
  2 ice beasts
  7 orc warriors
  2 black bears
  2 sky beasts (D:6)
  A centaur (D:6)
  3 ogres
  4 lemures (D:5)
  A phantom (D:5)
  A kobold brigand (D:7)
  A necrophage (D:7)
  8 scorpions
  3 bullfrogs
  Dowan (D:7)
  17 killer bees
  4 howler monkeys
  3 centaur zombies (Ossuary)
  2 hounds (D:4)
  4 orc priests
  Crazy Yiuf (D:5)
  5 iguanas
  7 scorpion zombies (Ossuary)
  2 human zombies (Ossuary)
  19 orc wizards
  3 mummies (Ossuary)
  3 gnolls (D:5)
  9 adders
  A shadow imp (D:7)
  2 white imps
  An ufetubus (D:5)
  2 worms
  A dart slug (D:1)
  48 orcs
  7 bats
  5 endoplasms
  5 giant cockroaches
  2 gnoll zombies (Ossuary)
  9 goblins
  7 hobgoblins
  11 jackals
  2 quokkas
  7 ball pythons
  2 frilled lizards
  A goblin zombie (Ossuary)
  3 hobgoblin zombies (Ossuary)
  14 kobolds
  7 kobold zombies (Ossuary)
  2 orc zombies (Ossuary)
  4 rats
274 creatures vanquished.

Vanquished Creatures (others)
  A fungus (D:5)
  4 plants (D:9)
5 creatures vanquished.

Grand Total: 279 creatures vanquished

Notes
Turn   | Place    | Note
-------+----------+-------------------------------------------
     0 | D:1      | KittyFluff the Gargoyle Berserker began the quest for the
                  | Orb.
     0 | D:1      | Reached XP level 1. HP: 14/14 MP: 1/1
   217 | D:1      | Reached XP level 2. HP: 18/19 MP: 2/2
   539 | D:1      | Reached XP level 3. HP: 14/24 MP: 3/3
   747 | D:1      | Reached ** piety under Trog
  1124 | D:2      | Reached skill level 4 in Maces & Flails
  1124 | D:2      | Reached XP level 4. HP: 21/29 MP: 4/4
  1883 | D:2      | Reached XP level 5. HP: 33/33 MP: 5/5
  2059 | D:3      | Reached skill level 1 in Stealth
  2120 | D:3      | Found Ziaclayx's Antique Armour Emporium.
  2226 | D:3      | Reached *** piety under Trog
  2810 | D:3      | Found a burning altar of Makhleb.
  2810 | D:3      | Noticed a balrug
  2891 | D:3      | Bought a brightly glowing ring mail for 198 gold pieces
  2891 | D:3      | Identified the +3 ring mail "Muffo" {rF+ SInv} (You bought
                  | it in a shop on level 3 of the Dungeon)
  2944 | D:4      | Found a glowing golden altar of the Shining One.
  3046 | D:4      | Reached XP level 6. HP: 38/39 MP: 6/6
  3070 | D:4      | Reached skill level 5 in Maces & Flails
  3611 | D:4      | Noticed Eustachio
  3697 | D:4      | Killed Eustachio
  3698 | D:4      | Reached skill level 6 in Maces & Flails
  3698 | D:4      | Reached XP level 7. HP: 36/44 MP: 7/7
  3913 | D:4      | Found a glowing silver altar of Zin.
  4076 | D:4      | Found a hide-covered altar of Uskayaw.
  4145 | D:4      | Found a staircase to the Ecumenical Temple.
  4429 | D:5      | Entered Level 5 of the Dungeon
  4636 | D:5      | Found a sand-covered staircase.
  4661 | D:5      | Reached skill level 1 in Throwing
  4776 | Ossuary  | Entered an ossuary
  4901 | Ossuary  | Reached skill level 5 in Fighting
  4904 | Ossuary  | Reached **** piety under Trog
  4990 | Ossuary  | Reached XP level 8. HP: 49/49 MP: 8/8
  5059 | Ossuary  | Reached skill level 7 in Maces & Flails
  5109 | Ossuary  | Reached skill level 1 in Shields
  5222 | Ossuary  | Reached skill level 5 in Armour
  5507 | D:5      | Reached skill level 8 in Maces & Flails
  5798 | D:5      | Reached XP level 9. HP: 34/54 MP: 9/9
  5907 | D:5      | Found a hazy altar of Hepliaklqana.
  6198 | D:5      | Found a runed translucent door.
  6199 | D:5      | Noticed Crazy Yiuf
  6215 | D:5      | Killed Crazy Yiuf
  6750 | D:6      | Noticed Pikel
  6893 | D:6      | Killed Pikel
  6923 | D:6      | Reached skill level 9 in Maces & Flails
  7183 | D:6      | Reached ***** piety under Trog
  7233 | D:6      | Found a shadowy altar of Dithmenos.
  7749 | D:7      | Reached XP level 10. HP: 50/61 MP: 10/10
  8299 | D:7      | Noticed Duvessa
  8307 | D:7      | Noticed Dowan
  8309 | D:7      | Noticed Prince Ribbit
  8313 | D:7      | Killed Duvessa
  8336 | D:7      | Reached skill level 10 in Maces & Flails
  8337 | D:7      | Killed Dowan
  8359 | D:7      | Killed Prince Ribbit
  8419 | D:7      | Noticed Joseph
  8442 | D:7      | Killed Joseph
  8683 | D:8      | Found a radiant altar of Vehumet.
  8807 | D:8      | Found an ancient bone altar of Kikubaaqudgha.
  8825 | D:8      | Found a shimmering blue altar of Sif Muna.
  9071 | D:8      | Noticed a two-headed ogre
  9089 | D:8      | Killed a two-headed ogre
  9132 | D:8      | Noticed a two-headed ogre
  9146 | D:8      | Killed a two-headed ogre
  9146 | D:8      | Received a gift from Trog
  9530 | D:7      | Reached skill level 5 in Dodging
  9553 | D:7      | Reached XP level 11. HP: 64/67 MP: 11/11
 10102 | D:9      | Found a blossoming altar of Fedhas.
 10168 | D:9      | Reached skill level 11 in Maces & Flails
 10168 | D:9      | Reached skill level 5 in Shields
 10238 | D:9      | Found a staircase to the Lair.
 10540 | D:9      | Found a staircase to the Orcish Mines.
 10709 | D:9      | Found Epischurr's General Store.
 11304 | D:9      | Found a hide-covered altar of Uskayaw.
 11304 | D:9      | Noticed an azure jelly
 11312 | D:9      | Noticed a cyclops
 11314 | D:9      | Noticed a cyclops
 11317 | D:9      | Demolished by an azure jelly (shapeshifter)

Illustrated notes

Levels and vault maps discovered:
D:1:      dpeg_arrival_boxorama, layout_basic, chequers_arboretum
D:2:      layout_loops_ring, skrybe_limestone_x
D:3:      layout_loops_corners, makhleb_altar_promises_db, serial_shops,
          nicolae_shop_waterfront
D:4:      layout_basic, tso_metal_star, mainiacjoe_overflow_large_starburst,
          minmay_temple_entry_tees, minmay_increasing_density, uniq_eustachio
D:5:      layout_loops_corners, kennysheep_little_box, enter_ossuary_1,
          uniq_crazy_yiuf_cottage
D:6:      layout_cave_pools, mainiacjoe_overflow_concentric_impassable,
          uniq_pikel
D:7:      layout_loops_corners, eino_jars, uniq_duvessa, uniq_prince_ribbit1,
          uniq_joseph
D:8:      layout_cave_pools, palyth_temple_overflow_mages
D:9:      minmay_the_grid_octo_2x2 [minmay_the_grid_octo_thin_diamonds,
          minmay_the_grid_octo_toaster, minmay_the_grid_octo_shrine,
          minmay_the_grid_octo_prize_big_c], layout_irregular_city,
          old_standard_altar, david_lair_shrubbed, hiddenorc2_lemuel,
          serial_shops, shop_fountains

Skill      XL: |  1  2  3  4  5  6  7  8  9 10 11 |
---------------+----------------------------------+-----
Fighting       | 4 5 6 7 |  7.7
Maces & Flails | 4 6 8 9 10 11 | 11.3
Armour         | 3 4 5 7 8 9 |  9.0
Dodging        | 2 3 4 5 |  5.3
Stealth        | 1 2 |  2.5
Throwing       | 1 2 |  2.3
Shields        | 1 2 4 5 |  5.4

Action                   |  1- 3 |  4- 6 |  7- 9 | 10-12 || total
-------------------------+-------+-------+-------+-------++-------
Melee: Mace              |   111 |   239 |   579 |   574 ||  1503
       Punch             |       |     1 |       |       ||     1
Throw: Stone             |     2 |     9 |    36 |     2 ||    49
       Dart              |       |     8 |       |    13 ||    21
Invok: Berserk           |       |       |     2 |       ||     2
       Brothers in Arms  |       |       |       |     1 ||     1
  Use: Scroll            |     1 |       |     8 |     5 ||    14
 Stab: Distracted        |       |       |     1 |       ||     1
       Sleeping          |       |       |       |     1 ||     1
Armor: Animal skin       |    60 |     2 |       |       ||    62
       Leather armour    |       |    87 |       |       ||    87
       Ring mail         |       |    85 |   307 |   268 ||   660
Dodge: Dodged            |    84 |   180 |   295 |   382 ||   941
Block: Buckler           |       |    20 |    96 |   167 ||   283
